Map: King's Cove LE

Players

TiPtOP

  • Race: Terran Terran
  • League: Silver
  • Spawn Location: 5:00

Miracle - Winner!

  • Race: Protoss Protoss
  • Spawn Location: 11:00

VOD

Have the link to the VOD?

Description

Time

  • Played on: May 7, 2019, 8:43 a.m.
  • Length: 11:41
Show
View Real Time Build Order
Export as new Build Order

TiPtOP Terran 

Build Orders: Reaper Expand 

Get SALT Encoding   

  12  0:01  SCV  
  13  0:14  SCV  
  14  0:22  Supply Depot  
  14  0:27  SCV  
  15  0:43  SCV  
  15  0:48  Barracks  
  16  0:58  Refinery, SCV  
  17  1:12  SCV  
  18  1:28  SCV  
  19  1:45  Barracks  
  19  1:49  Orbital Command  
  19  1:51  Reaper  
  20  2:16  Command Center  
  20  2:19  SCV  
  21  2:24  Barracks Reactor  
  21  2:32  SCV  
  22  2:37  Supply Depot, Barracks Tech Lab  
  22  2:47  SCV  
  23  3:17  Marine x2, Marauder  
  27  3:20  SCV  
  27  3:26  Supply Depot  
  27  3:32  Factory  
  27  3:34  SCV  
  28  3:44  Marine x2, Marauder  
  33  3:48  SCV  
  33  3:50  SCV  
  34  4:02  Marine x2  
  34  4:06  Marauder  
  38  4:16  Refinery  
  38  4:19  SCV  
  38  4:22  SCV  
  40  4:24  Factory Reactor  
  40  4:29  Starport  
  40  4:43  SCV  
  40  4:44  SCV  
  42  4:51  Marine x2  
  42  4:52  Marauder  
  46  5:00  SCV  
  46  5:01  SCV  
  50  5:14  Marine x2, Marauder, Factory Tech Lab  
  50  5:20  Engineering Bay  
  52  5:23  Supply Depot  
  52  5:24  Supply Depot  
  52  5:33  Medivac  
  54  5:44  Medivac  
  56  5:58  Command Center  
  56  6:01  Missile Turret  
  56  6:04  Terran Infantry Weapons Level 1  
  56  6:06  Stimpack  
  56  6:15  Marine x2, Marauder  
  60  6:25  Missile Turret  
  60  6:43  SCV x2  
  60  6:45  Marine  
  60  6:46  Marine, Marauder  
  66  6:48  Siege Tank  
  69  6:57  Refinery, SCV  
  70  7:10  Marauder  
  72  7:30  Marine x2  
  72  7:31  Marauder, Medivac x2  
  80  7:52  Marauder  
  62  8:00  Marine x2  
  64  8:12  Terran Infantry Armor Level 1  
  64  8:14  Combat Shield, Marauder  
  64  8:18  Marine x2  
  68  8:25  SCV  
  69  8:35  Marauder  
  69  8:38  SCV  
  72  8:56  SCV  
  72  8:57  Marauder  
  72  8:58  Refinery  
  75  9:08  SCV  
  76  9:12  Medivac x2  
  80  9:18  Marauder  
  80  9:20  SCV  
  65  10:03  Marine x2, Marauder  
  60  10:21  Marine x2  
  55  10:24  Siege Tank, Marauder  
  58  10:46  Marauder  
  58  10:49  Marine x2  
  44  11:07  Marine x2, Marauder  
Show
View Real Time Build Order
Export as new Build Order

Miracle Protoss - Winner!

Build Orders: Blink Stalkers 

Get SALT Encoding   

  12  0:04  Probe  
  13  0:12  Probe  
  13  0:20  Probe  
  14  0:27  Pylon  
  15  0:45  Probe  
  15  0:48  Gateway  
  16  0:52  Assimilator  
  16  0:56  Probe, Assimilator  
  16  1:04  Probe  
  18  1:12  Probe  
  19  1:23  Probe  
  20  1:26  Pylon  
  20  1:34  Gateway  
  20  1:38  Cybernetics Core  
  20  1:43  Probe  
  21  1:55  Probe  
  22  2:05  Gateway  
  22  2:06  Probe  
  23  2:14  Warp Gate  
  23  2:15  Probe  
  24  2:23  Probe  
  24  2:24  Twilight Council  
  24  2:29  Pylon  
  25  2:32  Stalker  
  27  2:43  Pylon  
  27  2:54  Pylon  
  27  2:56  Robotics Facility  
  27  3:00  Blink  
  27  3:11  Probe  
  25  3:19  Probe  
  25  3:25  Stalker  
  28  3:46  Pylon  
  28  3:53  Probe  
  30  3:56  Observer  
  30  4:03  Gateway  
  30  4:04  Gateway  
  30  4:05  Probe  
  31  4:17  Probe  
  32  4:25  Nexus  
  32  4:34  Stalker  
  32  4:37  Stalker  
  36  4:48  Stalker  
  38  5:00  Templar Archives  
  38  5:04  Gateway  
  38  5:14  Observer  
  38  5:16  Assimilator  
  38  5:18  Assimilator  
  38  5:25  Immortal  
  42  5:56  Stargate  
  42  6:03  Zealot  
  44  6:04  Stalker x3  
  50  6:11  Probe  
  51  6:19  Probe  
  51  6:24  High Templar  
  54  6:29  Probe  
  55  6:37  Observer  
  58  6:41  Probe  
  59  6:48  Zealot x3  
  59  6:49  Zealot  
  59  6:53  Sentry  
  69  7:20  Pylon  
  64  7:31  Psionic Storm  
  64  7:37  Pylon  
  64  7:39  Stargate  
  64  7:45  Forge x2  
  62  7:57  Probe  
  61  8:05  Probe  
  62  8:06  Stalker, Zealot  
  62  8:07  Zealot  
  69  8:15  Probe  
  69  8:19  Warp Prism  
  70  8:23  Oracle  
  70  8:27  Probe  
  70  8:28  Protoss Ground Armor Level 1  
  70  8:30  Protoss Ground Weapons Level 1  
  76  8:40  Charge  
  76  9:18  Photon Cannon  
  76  9:19  Photon Cannon  
  76  9:31  High Templar x2  
  78  9:32  Zealot  
  78  9:33  Zealot, Stalker  
  70  10:14  Pylon  
  70  10:15  Pylon  
  70  10:17  Pylon  
  70  10:20  Pylon  
  70  10:26  Zealot x2, Stalker  
  70  10:27  Stalker x3  
  82  10:31  Observer  
  80  10:50  Observer  
  80  10:56  Stalker, Zealot x2  
  80  10:57  Stalker x2  
  87  11:30  Stalker  
  87  11:31  Stalker x3  
  87  11:32  Stalker, Zealot  
Tags
 
Add a new tag
Caveats
  • Supply blocks, unpowered buildings, or Contaminate may cause inaccurate times.
  • Supply counts are checked every 10 seconds.